Workbook
Name リプレース: 'プルダウンテーブル(非表示)'!$B$2:$B$4
Name 新設: 'プルダウンテーブル(非表示)'!$A$2:$A$4
Name 水力: 'プルダウンテーブル(非表示)'!$E$2
Name 太陽光: 'プルダウンテーブル(非表示)'!$D$2
Name 風力: 'プルダウンテーブル(非表示)'!$C$2:$C$3

Sheet （記入例）
B1: 入力箇所(電源等情報登録時)
B3: 対象電源種 | C3: 変動電源
B4: 本様式の利用方法： | C4: 1.本シートのH列に、参加登録する事業者および電源の情報を記入してください。
C5: 2.セルの背景がグレーとなっているものは入力不要の項目です。また黄色のセルについても、該当する入力対象がない場合は入力不要です。ただし、容量を入力するセル（#43-51）については、該当する容量が存在しない場合は「０」を記載してください。
C6: 3.本シートの記入完了後、「事業計画書」・「電源等情報登録様式」シートの全項目が埋まっていることを確認してください。
B7: 留意事項： | C7: 1.「事業計画書」の情報は、その時点での確度の高い情報をもとに作成し、電源等情報の登録受付期間中に提出してください。なお「未定」の部分が多数ある等、事業の実施能力や事業の確実性が認められない場合、応札が認められない場合があります。
C8: 2.登録期間終了後の電源等情報の変更は、約定結果の公表までは原則認められません。
H10: 参加登録申請者記入箇所
A11: # | B11: 入力項目 | G11: 単位 | H11: 入力欄 | I11: 入力規則・備考 | J11: *
A12: =ROW()-11 -> 1 | B12: 事業者に係る情報 | C12: 参加登録する事業者の単位(単一事業者またはコンソーシアム) | G12: - | H12: 単一事業者による参加登録 | I12: 参加登録する事業者の単位を選択(プルダウン) | J12: *
A13: =ROW()-11 -> 2 | C13: 単一事業者の場合 | E13: 事業者コード | G13: - | H13: 9999 | I13: 容量市場システムの事業者情報登録にて採番された番号を入力 | J13: *
A14: =ROW()-11 -> 3 | E14: 事業者名 | G14: - | H14: ○○株式会社 | I14: 事業者名を入力 | J14: *
A15: =ROW()-11 -> 4 | E15: 住所 | G15: - | H15: 東京都千代田区○-○-○ | I15: 事業者の住所を入力 | J15: *
A16: =ROW()-11 -> 5 | E16: 法人番号 | G16: - | H16: 9999999999999 | I16: 数字13桁の法人番号を入力 | J16: *
A17: =ROW()-11 -> 6 | C17: コンソーシアムの場合 | D17: 代表企業 | E17: 事業者コード | G17: - | I17: 容量市場システムの事業者情報登録にて採番された番号を入力 | J17: *
A18: =ROW()-11 -> 7 | E18: 事業者名 | G18: - | I18: 事業者名を入力 | J18: *
A19: =ROW()-11 -> 8 | E19: 住所 | G19: - | I19: 事業者の住所を入力 | J19: *
A20: =ROW()-11 -> 9 | E20: 法人番号 | G20: - | I20: 数字13桁の法人番号を入力 | J20: *
A21: =ROW()-11 -> 10 | E21: 出資比率(予定) | G21: % | I21: 0以上100以下の数値(整数または小数を含む数)を入力 | J21: *
A22: =ROW()-11 -> 11 | E22: 議決権保有割合(予定) | G22: % | I22: 0以上100以下の数値(整数または小数を含む数)を入力 | J22: *
A23: =ROW()-11 -> 12 | D23: 構成員① | E23: 事業者名 | G23: - | I23: 事業者名を入力 | J23: *
A24: =ROW()-11 -> 13 | E24: 住所 | G24: - | I24: 事業者の住所を入力 | J24: *
A25: =ROW()-11 -> 14 | E25: 法人番号 | G25: - | I25: 数字13桁の法人番号を入力 | J25: *
A26: =ROW()-11 -> 15 | E26: 出資比率(予定) | G26: % | I26: 0以上100以下の数値(整数または小数を含む数)を入力 | J26: *
A27: =ROW()-11 -> 16 | E27: 議決権保有割合(予定) | G27: % | I27: 0以上100以下の数値(整数または小数を含む数)を入力 | J27: *
A28: =ROW()-11 -> 17 | D28: 構成員② | E28: 事業者名 | G28: - | I28: 事業者名を入力 | J28: *
A29: =ROW()-11 -> 18 | E29: 住所 | G29: - | I29: 事業者の住所を入力 | J29: *
A30: =ROW()-11 -> 19 | E30: 法人番号 | G30: - | I30: 数字13桁の法人番号を入力 | J30: *
A31: =ROW()-11 -> 20 | E31: 出資比率(予定) | G31: % | I31: 0以上100以下の数値(整数または小数を含む数)を入力 | J31: *
A32: =ROW()-11 -> 21 | E32: 議決権保有割合(予定) | G32: % | I32: 0以上100以下の数値(整数または小数を含む数)を入力 | J32: *
A33: =ROW()-11 -> 22 | D33: 構成員③ | E33: 事業者名 | G33: - | I33: 事業者名を入力 | J33: *
A34: =ROW()-11 -> 23 | E34: 住所 | G34: - | I34: 事業者の住所を入力 | J34: *
A35: =ROW()-11 -> 24 | E35: 法人番号 | G35: - | I35: 数字13桁の法人番号を入力 | J35: *
A36: =ROW()-11 -> 25 | E36: 出資比率(予定) | G36: % | I36: 0以上100以下の数値(整数または小数を含む数)を入力 | J36: *
A37: =ROW()-11 -> 26 | E37: 議決権保有割合(予定) | G37: % | I37: 0以上100以下の数値(整数または小数を含む数)を入力 | J37: *
A38: =ROW()-11 -> 27 | B38: 電源に係る情報 | C38: 基本情報 | D38: 容量を提供する電源等の区分 | G38: - | H38: 変動電源 | I38: 変動電源(固定) | J38: *
A39: =ROW()-11 -> 28 | D39: 制度適用期間開始年度 | G39: 年度 | H39: 2033 | I39: 長期脱炭素電源オークションの制度適用を開始する年度を入力 | J39: *
A40: =ROW()-11 -> 29 | D40: 電源等の名称 | G40: - | H40: ABC発電所 | I40: 電源等の名称を入力(形式任意) | J40: *
A41: =ROW()-11 -> 30 | D41: 電源等識別番号 | H41: 0000018401 | I41: 容量市場システムで発番後に記入※電源等情報登録時点では空欄で登録可能ですが、期待容量の登録期間終了までに登録してください | J41: *
A42: =ROW()-11 -> 31 | D42: 設置場所 | G42: - | H42: 千葉県柏市XX1-1-1 | I42: 電源等の設置場所を入力(形式任意) | J42: *
A43: =ROW()-11 -> 32 | D43: 発電設備の所有者 | E43: 事業者名 | G43: - | H43: TTTT株式会社 | I43: 発電設備の所有者の事業者名を入力 | J43: *
A44: =ROW()-11 -> 33 | E44: 住所 | G44: - | H44: 東京都千代田区1-1-1 | I44: 事業者の住所を入力 | J44: *
A45: =ROW()-11 -> 34 | E45: 法人番号 | G45: - | H45: 1111111111111 | I45: 数字13桁の法人番号を入力 | J45: *
A46: =ROW()-11 -> 35 | D46: 受電地点特定番号 | G46: - | H46: 9999999999999999999999 | I46: 発電量調整供給契約に基づく受電地点明細表に記載の番号を入力(半角数字22桁) 受電地点特定番号が発番されていない新設電源の場合、「9999999999999999999999(22桁)」を入力 受電地点特定番号が複数ある場合、最も小さい受電地点特定番号から順に、「,（カンマ）」で区切って入力 | J46: *
A47: =ROW()-11 -> 36 | D47: 系統コード | G47: - | H47: YYYYY | I47: マスタ情報を参照し系統コードを入力(半角英数字) 系統コードが未採番の場合、「YYYYY(5桁)」を入力 系統コードが複数ある場合、最も小さい受電地点特定番号と紐づく系統コードから順に、「,（カンマ）」で区切って入力 制度適用期間開始年度の前年度1月末までに、容量市場システムにて実際の番号を提出してください | J47: *
A48: =ROW()-11 -> 37 | D48: エリア名 | G48: - | H48: 3.東京 | I48: 系統コードの上1桁(下記参照)をもとに選択(プルダウン) 系統接続するエリアが複数存在する場合は、主として系統接続するエリアを選択 参考：系統コードの上1桁 1.北海道 2.東北 3.東京 4.中部 5.北陸 6.関西 7.中国 8.四国 9.九州 | J48: *
A49: =ROW()-11 -> 38 | C49: 詳細情報 | D49: 号機単位の名称 | G49: - | H49: 1号機 | I49: 号機単位の名称を入力(形式任意) | J49: *
A50: =ROW()-11 -> 39 | D50: 号機単位の所有者 | G50: - | H50: エナジー太郎 | I50: 号機単位の所有者を入力(形式任意) | J50: *
A51: =ROW()-11 -> 40 | D51: 新設・リプレース | G51: - | H51: リプレース | I51: 選択肢より選択(プルダウン) ※リプレースの定義は、同一事業者（既設発電設備を所有する事業者と資本関係や契約関係がある事業者を含む）が同一地域・地点で発電所の、原則すべての主要電気工作物を更新し、同一系統にアクセスするものとします | J51: *
A52: =ROW()-11 -> 41 | D52: 電源種別 | G52: - | H52: 太陽光 | I52: 選択肢より選択 | J52: *
A53: =ROW()-11 -> 42 | D53: 発電方式の区分 | G53: - | H53: なし | I53: 選択肢より選択(電源種別と連動) | J53: *
A54: =ROW()-11 -> 43 | D54: 設備容量(発電端) | G54: kW | H54: 120000 | I54: 0kW以上の整数で容量を入力(半角数字)※小数以下を切り捨てて入力してください ※各種容量は応札価格の監視に使用されます | J54: *
A55: =ROW()-11 -> 44 | D55: 所内消費に供出する容量 | G55: kW | H55: 5000 | I55: 0kW以上の整数で容量を入力(半角数字)※小数以下を切り捨てて入力してください ※各種容量は応札価格の監視に使用されます | J55: *
A56: =ROW()-11 -> 45 | D56: 自家消費に供出する容量(ベース分) | G56: kW | H56: 5000 | I56: 0kW以上の整数で容量を入力(半角数字)※小数以下を切り捨てて入力してください ※各種容量は応札価格の監視に使用されます | J56: *
A57: =ROW()-11 -> 46 | D57: 設備容量(送電端) | G57: kW | H57: 110000 | I57: 0kW以上の整数で容量を入力(半角数字)※小数以下を切り捨てて入力してください ※各種容量は応札価格の監視に使用されます | J57: *
A58: =ROW()-11 -> 47 | D58: 自家消費に供出する容量(変動分) | G58: kW | H58: 1000 | I58: 0kW以上の整数で容量を入力(半角数字)※小数以下を切り捨てて入力してください ※各種容量は応札価格の監視に使用されます | J58: *
A59: =ROW()-11 -> 48 | D59: 自己託送に供出する容量 | G59: kW | H59: 1000 | I59: 0kW以上の整数で容量を入力(半角数字)※小数以下を切り捨てて入力してください ※各種容量は応札価格の監視に使用されます | J59: *
A60: =ROW()-11 -> 49 | D60: 特定供給に供出する容量 | G60: kW | H60: 1000 | I60: 0kW以上の整数で容量を入力(半角数字)※小数以下を切り捨てて入力してください ※各種容量は応札価格の監視に使用されます | J60: *
A61: =ROW()-11 -> 50 | D61: 特定送配電事業者に供出する容量 | G61: kW | H61: 1000 | I61: 0kW以上の整数で容量を入力(半角数字)※小数以下を切り捨てて入力してください ※各種容量は応札価格の監視に使用されます | J61: *
A62: =ROW()-11 -> 51 | D62: FIT/FIPに供出する容量 | G62: kW | H62: 1000 | I62: 0kW以上の整数で容量を入力(半角数字)※小数以下を切り捨てて入力してください ※各種容量は応札価格の監視に使用されます | J62: *
A63: =ROW()-11 -> 52 | D63: 本オークションに参加可能な設備容量(送電端) | G63: kW | H63: =H57-SUM(H58:H62) -> 105000 | I63: 自動計算 ※各種容量は応札価格の監視に使用されます | J63: *
A64: =ROW()-11 -> 53 | D64: 供給力提供開始時期 | G64: YYYYMM | H64: 203004 | I64: 運開予定年月を入力(半角数字 YYYYMM形式) | J64: *
A65: =ROW()-11 -> 54 | D65: FIT/FIP認定ID | G65: - | H65: 1234567890 | I65: 参加登録の時点で FIT/FIP認定を受けている場合は、再生可能エネルギー発電設備を用いた発電の認定について（通知）に記載されている「設備 ID」を入力(半角英数字) | J65: *
A66: =ROW()-11 -> 55 | D66: 特定契約の終了年月 | G66: YYYYMM | H66: 202603 | I66: FIT/FIP認定ID を入力した場合、特定契約の終了年月を西暦で入力(半角数字 YYYYMM形式) | J66: *
A67: =ROW()-11 -> 56 | D67: 発電BGコード(1) | G67: - | H67: G**** | I67: BGコードを入力(半角英数字) ※電源等情報登録時点では空欄で登録可能ですが、制度適用期間開始年度の前年度1月末までに、容量市場システムにて提出してください | J67: *
A68: =ROW()-11 -> 57 | D68: 発電BGコード(2) | G68: - | I68: 同上 | J68: *
A69: =ROW()-11 -> 58 | D69: 発電BGコード(3) | G69: - | I69: 同上 | J69: *
A70: =ROW()-11 -> 59 | D70: 発電BGコード(4) | G70: - | I70: 同上 | J70: *
A71: =ROW()-11 -> 60 | D71: 発電BGコード(5) | G71: - | I71: 同上 | J71: *
A72: =ROW()-11 -> 61 | D72: 相対契約上の計画変更締切時間 | G72: - | H72: 前日計画提出締切の 13 日前 16 時まで | I72: 相対契約を締結している電源の場合に限り入力 ※電源等情報登録時点では空欄で登録可能ですが、制度適用期間開始年度の前年度1月末までに、容量市場システムにて提出してください | J72: *
A73: =ROW()-11 -> 62 | D73: 電源の起動時間 | G73: - | H73: ①パターン名：「コールド」 起動～並列：○時間〇分 並列～フル出力：○時間〇分 | I73: 電源の起動時間を入力 電源等が起動操作の開始から系統並列までの時間および系統並列から容量確保契約容量に到達するまでの時間をパターン毎に入力 ※電源等情報登録時点では空欄で登録可能ですが、制度適用期間開始年度の前年度1月末までに、容量市場システムにて提出してください | J73: *
A74: =ROW()-11 -> 63 | D74: 環境アセスメント完了年度(見込みを含む) | G74: 年度 | H74: 2025 | I74: 完了年度（見込みを含む）を入力 | J74: *
A75: =ROW()-11 -> 64 | D75: 同時落札条件の対象有無 | G75: - | H75: あり | I75: 「あり」または「なし」を選択(プルダウン) | J75: *
A76: =ROW()-11 -> 65 | D76: 同時落札条件に係る共用設備の有無 | G76: - | H76: なし | I76: 「あり」または「なし」を選択(プルダウン) | J76: *
A77: =ROW()-11 -> 66 | D77: 同時落札条件の対象となる相手先電源(1) | E77: 相手先電源を提供する事業者の事業者コード | G77: - | H77: 7Y02 | I77: 同時落札条件の相手先電源(1)を提供する事業者の事業者コードを入力 | J77: *
A78: =ROW()-11 -> 67 | E78: 相手先電源の名称 | G78: - | H78: BBB | I78: 同時落札条件の相手先電源(1)の名称を入力 | J78: *
A79: =ROW()-11 -> 68 | E79: 相手先の電源等識別番号 | G79: - | H79: 0000022222 | I79: 同時落札条件の相手先電源(1)の電源等識別番号を入力 | J79: *
A80: =ROW()-11 -> 69 | D80: 同時落札条件の対象となる相手先電源(2) | E80: 相手先電源を提供する事業者の事業者コード | G80: - | H80: 7Y03 | I80: 同上 | J80: *
A81: =ROW()-11 -> 70 | E81: 相手先電源の名称 | G81: - | H81: CCC | I81: 同上 | J81: *
A82: =ROW()-11 -> 71 | E82: 相手先の電源等識別番号 | G82: - | H82: 0000033333 | I82: 同上 | J82: *
A83: =ROW()-11 -> 72 | D83: 同時落札条件の対象となる相手先電源(3) | E83: 相手先電源を提供する事業者の事業者コード | G83: - | H83: 7Y04 | I83: 同上 | J83: *
A84: =ROW()-11 -> 73 | E84: 相手先電源の名称 | G84: - | H84: DDD | I84: 同上 | J84: *
A85: =ROW()-11 -> 74 | E85: 相手先の電源等識別番号 | G85: - | H85: 0000044444 | I85: 同上 | J85: *
A86: =ROW()-11 -> 75 | D86: 同時落札条件の対象となる相手先電源(4) | E86: 相手先電源を提供する事業者の事業者コード | G86: - | H86: 7Y05 | I86: 同上 | J86: *
A87: =ROW()-11 -> 76 | E87: 相手先電源の名称 | G87: - | H87: EEE | I87: 同上 | J87: *
A88: =ROW()-11 -> 77 | E88: 相手先の電源等識別番号 | G88: - | H88: 0000055555 | I88: 同上 | J88: *
A89: =ROW()-11 -> 78 | D89: 同時落札条件の対象となる相手先電源(5) | E89: 相手先電源を提供する事業者の事業者コード | G89: - | H89: 7Y06 | I89: 同上 | J89: *
A90: =ROW()-11 -> 79 | E90: 相手先電源の名称 | G90: - | H90: FFF | I90: 同上 | J90: *
A91: =ROW()-11 -> 80 | E91: 相手先の電源等識別番号 | G91: - | H91: 0000066666 | I91: 同上 | J91: *
A92: =ROW()-11 -> 81 | D92: PCSに係るセキュリティ対策の実施有無 | G92: - | H92: なし | I92: 「あり」または「なし」を選択(プルダウン) | J92: *
A93: =ROW()-11 -> 82 | D93: ウィンドファームと外部の結節点となる ゲートウェイのファイアーウォールに係る セキュリティ対策の実施有無 | G93: - | I93: 「あり」または「なし」を選択(プルダウン) | J93: *
A94: =ROW()-11 -> 83 | D94: バランシングコスト相当分のFIP交付金の放棄の有無 | G94: - | I94: 「あり」または「なし」を選択(プルダウン) ※洋上風力ゼロプレミアム電源のみ入力してください | J94: *
A95: =ROW()-11 -> 84 | D95: 供給価格を0円/kWhにするために公募占用計画変更の実施有無 | G95: - | I95: 「あり」または「なし」を選択(プルダウン) ※洋上風力ゼロプレミアム電源のみ入力してください | J95: *
A96: =ROW()-11 -> 85 | D96: 系統接続に係る事項 | E96: 接続検討回答日 | G96: YYYYMMDD | H96: 20240301 | I96: 接続検討回答日を入力(YYYYMMDD) 接続検討回答書を複数受領している場合は、添付資料として提出する接続検討回答書に記載されている接続検討回答日のうち最も古い日付を入力 | J96: *
A97: =ROW()-11 -> 86 | E97: 工事費負担金額 | G97: 円(税抜) | H97: 10000000 | I97: 工事費負担金額を入力(0以上の整数) | J97: *
A98: =ROW()-11 -> 87 | D98: 事業実施計画 | E98: 環境影響評価の要否 | G98: - | H98: 必要 | I98: 環境影響評価の要否を選択(プルダウン) | J98: *
A99: =ROW()-11 -> 88 | E99: 環境影響評価の手続予定期間 | G99: - | H99: 2020年9月～2025年12月 | I99: 環境影響評価の手続予定期間を入力 | J99: *
A100: =ROW()-11 -> 89 | E100: 設置工事開始予定年月 | G100: YYYYMM | H100: 202602 | I100: 設置工事開始予定年月を入力(YYYYMM) | J100: *
A101: =ROW()-11 -> 90 | B101: 資金調達に係る情報 | C101: 総調達予定額 | G101: 円 | H101: 400000000 | I101: 総調達予定額を入力(0以上の整数) | J101: *
A102: =ROW()-11 -> 91 | C102: 自己資本による調達予定額 | D102: 資本金額 | G102: 円 | H102: 100000000 | I102: 資本金額を入力(0以上の整数) | J102: *
...

Sheet 参加登録申請者記入シート
B1: 入力箇所(電源等情報登録時)
B3: 対象電源種 | C3: 変動電源
B4: 本様式の利用方法： | C4: 1.本シートのH列に、参加登録する事業者および電源の情報を記入してください。
C5: 2.セルの背景がグレーとなっているものは入力不要の項目です。また黄色のセルについても、該当する入力対象がない場合は入力不要です。ただし、容量を入力するセル（#43-51）については、該当する容量が存在しない場合は「０」を記載してください。
C6: 3.本シートの記入完了後、「事業計画書」・「電源等情報登録様式」シートの全項目が埋まっていることを確認してください。
B7: 留意事項： | C7: 1.「事業計画書」の情報は、その時点での確度の高い情報をもとに作成し、電源等情報の登録受付期間中に提出してください。なお「未定」の部分が多数ある等、事業の実施能力や事業の確実性が認められない場合、応札が認められない場合があります。
C8: 2.登録期間終了後の電源等情報の変更は、約定結果の公表までは原則認められません。
H10: 参加登録申請者記入箇所
A11: # | B11: 入力項目 | G11: 単位 | H11: 入力欄 | I11: 入力規則・備考 | J11: *
A12: =ROW()-11 -> 1 | B12: 事業者に係る情報 | C12: 参加登録する事業者の単位(単一事業者またはコンソーシアム) | G12: - | I12: 参加登録する事業者の単位を選択(プルダウン) | J12: *
A13: =ROW()-11 -> 2 | C13: 単一事業者の場合 | E13: 事業者コード | G13: - | I13: 容量市場システムの事業者情報登録にて採番された番号を入力 | J13: *
A14: =ROW()-11 -> 3 | E14: 事業者名 | G14: - | I14: 事業者名を入力 | J14: *
A15: =ROW()-11 -> 4 | E15: 住所 | G15: - | I15: 事業者の住所を入力 | J15: *
A16: =ROW()-11 -> 5 | E16: 法人番号 | G16: - | I16: 数字13桁の法人番号を入力 | J16: *
A17: =ROW()-11 -> 6 | C17: コンソーシアムの場合 | D17: 代表企業 | E17: 事業者コード | G17: - | I17: 容量市場システムの事業者情報登録にて採番された番号を入力 | J17: *
A18: =ROW()-11 -> 7 | E18: 事業者名 | G18: - | I18: 事業者名を入力 | J18: *
A19: =ROW()-11 -> 8 | E19: 住所 | G19: - | I19: 事業者の住所を入力 | J19: *
A20: =ROW()-11 -> 9 | E20: 法人番号 | G20: - | I20: 数字13桁の法人番号を入力 | J20: *
A21: =ROW()-11 -> 10 | E21: 出資比率(予定) | G21: % | I21: 0以上100以下の数値(整数または小数を含む数)を入力 | J21: *
A22: =ROW()-11 -> 11 | E22: 議決権保有割合(予定) | G22: % | I22: 0以上100以下の数値(整数または小数を含む数)を入力 | J22: *
A23: =ROW()-11 -> 12 | D23: 構成員① | E23: 事業者名 | G23: - | I23: 事業者名を入力 | J23: *
A24: =ROW()-11 -> 13 | E24: 住所 | G24: - | I24: 事業者の住所を入力 | J24: *
A25: =ROW()-11 -> 14 | E25: 法人番号 | G25: - | I25: 数字13桁の法人番号を入力 | J25: *
A26: =ROW()-11 -> 15 | E26: 出資比率(予定) | G26: % | I26: 0以上100以下の数値(整数または小数を含む数)を入力 | J26: *
A27: =ROW()-11 -> 16 | E27: 議決権保有割合(予定) | G27: % | I27: 0以上100以下の数値(整数または小数を含む数)を入力 | J27: *
A28: =ROW()-11 -> 17 | D28: 構成員② | E28: 事業者名 | G28: - | I28: 事業者名を入力 | J28: *
A29: =ROW()-11 -> 18 | E29: 住所 | G29: - | I29: 事業者の住所を入力 | J29: *
A30: =ROW()-11 -> 19 | E30: 法人番号 | G30: - | I30: 数字13桁の法人番号を入力 | J30: *
A31: =ROW()-11 -> 20 | E31: 出資比率(予定) | G31: % | I31: 0以上100以下の数値(整数または小数を含む数)を入力 | J31: *
A32: =ROW()-11 -> 21 | E32: 議決権保有割合(予定) | G32: % | I32: 0以上100以下の数値(整数または小数を含む数)を入力 | J32: *
A33: =ROW()-11 -> 22 | D33: 構成員③ | E33: 事業者名 | G33: - | I33: 事業者名を入力 | J33: *
A34: =ROW()-11 -> 23 | E34: 住所 | G34: - | I34: 事業者の住所を入力 | J34: *
A35: =ROW()-11 -> 24 | E35: 法人番号 | G35: - | I35: 数字13桁の法人番号を入力 | J35: *
A36: =ROW()-11 -> 25 | E36: 出資比率(予定) | G36: % | I36: 0以上100以下の数値(整数または小数を含む数)を入力 | J36: *
A37: =ROW()-11 -> 26 | E37: 議決権保有割合(予定) | G37: % | I37: 0以上100以下の数値(整数または小数を含む数)を入力 | J37: *
A38: =ROW()-11 -> 27 | B38: 電源に係る情報 | C38: 基本情報 | D38: 容量を提供する電源等の区分 | G38: - | H38: 変動電源 | I38: 変動電源(固定) | J38: *
A39: =ROW()-11 -> 28 | D39: 制度適用期間開始年度 | G39: 年度 | I39: 長期脱炭素電源オークションの制度適用を開始する年度を入力 | J39: *
A40: =ROW()-11 -> 29 | D40: 電源等の名称 | G40: - | I40: 電源等の名称を入力(形式任意) | J40: *
A41: =ROW()-11 -> 30 | D41: 電源等識別番号 | I41: 容量市場システムで発番後に記入※電源等情報登録時点では空欄で登録可能ですが、期待容量の登録期間終了までに登録してください | J41: *
A42: =ROW()-11 -> 31 | D42: 設置場所 | G42: - | I42: 電源等の設置場所を入力(形式任意) | J42: *
A43: =ROW()-11 -> 32 | D43: 発電設備の所有者 | E43: 事業者名 | G43: - | I43: 発電設備の所有者の事業者名を入力 | J43: *
A44: =ROW()-11 -> 33 | E44: 住所 | G44: - | I44: 事業者の住所を入力 | J44: *
A45: =ROW()-11 -> 34 | E45: 法人番号 | G45: - | I45: 数字13桁の法人番号を入力 | J45: *
A46: =ROW()-11 -> 35 | D46: 受電地点特定番号 | G46: - | I46: 発電量調整供給契約に基づく受電地点明細表に記載の番号を入力(半角数字22桁) 受電地点特定番号が発番されていない新設電源の場合、「9999999999999999999999(22桁)」を入力 受電地点特定番号が複数ある場合、最も小さい受電地点特定番号から順に、「,（カンマ）」で区切って入力 | J46: *
A47: =ROW()-11 -> 36 | D47: 系統コード | G47: - | I47: マスタ情報を参照し系統コードを入力(半角英数字) 系統コードが未採番の場合、「YYYYY(5桁)」を入力 系統コードが複数ある場合、最も小さい受電地点特定番号と紐づく系統コードから順に、「,（カンマ）」で区切って入力 制度適用期間開始年度の前年度1月末までに、容量市場システムにて実際の番号を提出してください | J47: *
A48: =ROW()-11 -> 37 | D48: エリア名 | G48: - | I48: 系統コードの上1桁(下記参照)をもとに選択(プルダウン) 系統接続するエリアが複数存在する場合は、主として系統接続するエリアを選択 参考：系統コードの上1桁 1.北海道 2.東北 3.東京 4.中部 5.北陸 6.関西 7.中国 8.四国 9.九州 | J48: *
A49: =ROW()-11 -> 38 | C49: 詳細情報 | D49: 号機単位の名称 | G49: - | I49: 号機単位の名称を入力(形式任意) | J49: *
A50: =ROW()-11 -> 39 | D50: 号機単位の所有者 | G50: - | I50: 号機単位の所有者を入力(形式任意) | J50: *
A51: =ROW()-11 -> 40 | D51: 新設・リプレース | G51: - | I51: 選択肢より選択(プルダウン) ※リプレースの定義は、同一事業者（既設発電設備を所有する事業者と資本関係や契約関係がある事業者を含む）が同一地域・地点で発電所の、原則すべての主要電気工作物を更新し、同一系統にアクセスするものとします | J51: *
A52: =ROW()-11 -> 41 | D52: 電源種別 | G52: - | I52: 選択肢より選択 | J52: *
A53: =ROW()-11 -> 42 | D53: 発電方式の区分 | G53: - | I53: 選択肢より選択(電源種別と連動) | J53: *
A54: =ROW()-11 -> 43 | D54: 設備容量(発電端) | G54: kW | I54: 0kW以上の整数で容量を入力(半角数字)※小数以下を切り捨てて入力してください ※各種容量は応札価格の監視に使用されます | J54: *
A55: =ROW()-11 -> 44 | D55: 所内消費に供出する容量 | G55: kW | I55: 0kW以上の整数で容量を入力(半角数字)※小数以下を切り捨てて入力してください ※各種容量は応札価格の監視に使用されます | J55: *
A56: =ROW()-11 -> 45 | D56: 自家消費に供出する容量(ベース分) | G56: kW | I56: 0kW以上の整数で容量を入力(半角数字)※小数以下を切り捨てて入力してください ※各種容量は応札価格の監視に使用されます | J56: *
A57: =ROW()-11 -> 46 | D57: 設備容量(送電端) | G57: kW | I57: 0kW以上の整数で容量を入力(半角数字)※小数以下を切り捨てて入力してください ※各種容量は応札価格の監視に使用されます | J57: *
A58: =ROW()-11 -> 47 | D58: 自家消費に供出する容量(変動分) | G58: kW | I58: 0kW以上の整数で容量を入力(半角数字)※小数以下を切り捨てて入力してください ※各種容量は応札価格の監視に使用されます | J58: *
A59: =ROW()-11 -> 48 | D59: 自己託送に供出する容量 | G59: kW | I59: 0kW以上の整数で容量を入力(半角数字)※小数以下を切り捨てて入力してください ※各種容量は応札価格の監視に使用されます | J59: *
A60: =ROW()-11 -> 49 | D60: 特定供給に供出する容量 | G60: kW | I60: 0kW以上の整数で容量を入力(半角数字)※小数以下を切り捨てて入力してください ※各種容量は応札価格の監視に使用されます | J60: *
A61: =ROW()-11 -> 50 | D61: 特定送配電事業者に供出する容量 | G61: kW | I61: 0kW以上の整数で容量を入力(半角数字)※小数以下を切り捨てて入力してください ※各種容量は応札価格の監視に使用されます | J61: *
A62: =ROW()-11 -> 51 | D62: FIT/FIPに供出する容量 | G62: kW | I62: 0kW以上の整数で容量を入力(半角数字)※小数以下を切り捨てて入力してください ※各種容量は応札価格の監視に使用されます | J62: *
A63: =ROW()-11 -> 52 | D63: 本オークションに参加可能な設備容量(送電端) | G63: kW | H63: =H57-SUM(H58:H62) -> 0 | I63: 自動計算 ※各種容量は応札価格の監視に使用されます | J63: *
A64: =ROW()-11 -> 53 | D64: 供給力提供開始時期 | G64: YYYYMM | I64: 運開予定年月を入力(半角数字 YYYYMM形式) | J64: *
A65: =ROW()-11 -> 54 | D65: FIT/FIP認定ID | G65: - | I65: 参加登録の時点で FIT/FIP認定を受けている場合は、再生可能エネルギー発電設備を用いた発電の認定について（通知）に記載されている「設備 ID」を入力(半角英数字) | J65: *
A66: =ROW()-11 -> 55 | D66: 特定契約の終了年月 | G66: YYYYMM | I66: FIT/FIP認定ID を入力した場合、特定契約の終了年月を西暦で入力(半角数字 YYYYMM形式) | J66: *
A67: =ROW()-11 -> 56 | D67: 発電BGコード(1) | G67: - | I67: BGコードを入力(半角英数字) ※電源等情報登録時点では空欄で登録可能ですが、制度適用期間開始年度の前年度1月末までに、容量市場システムにて提出してください | J67: *
A68: =ROW()-11 -> 57 | D68: 発電BGコード(2) | G68: - | I68: 同上 | J68: *
A69: =ROW()-11 -> 58 | D69: 発電BGコード(3) | G69: - | I69: 同上 | J69: *
A70: =ROW()-11 -> 59 | D70: 発電BGコード(4) | G70: - | I70: 同上 | J70: *
A71: =ROW()-11 -> 60 | D71: 発電BGコード(5) | G71: - | I71: 同上 | J71: *
A72: =ROW()-11 -> 61 | D72: 相対契約上の計画変更締切時間 | G72: - | I72: 相対契約を締結している電源の場合に限り入力 ※電源等情報登録時点では空欄で登録可能ですが、制度適用期間開始年度の前年度1月末までに、容量市場システムにて提出してください | J72: *
A73: =ROW()-11 -> 62 | D73: 電源の起動時間 | G73: - | I73: 電源の起動時間を入力 電源等が起動操作の開始から系統並列までの時間および系統並列から容量確保契約容量に到達するまでの時間をパターン毎に入力 ※電源等情報登録時点では空欄で登録可能ですが、制度適用期間開始年度の前年度1月末までに、容量市場システムにて提出してください | J73: *
A74: =ROW()-11 -> 63 | D74: 環境アセスメント完了年度(見込みを含む) | G74: 年度 | I74: 完了年度（見込みを含む）を入力 | J74: *
A75: =ROW()-11 -> 64 | D75: 同時落札条件の対象有無 | G75: - | I75: 「あり」または「なし」を選択(プルダウン) | J75: *
A76: =ROW()-11 -> 65 | D76: 同時落札条件に係る共用設備の有無 | G76: - | I76: 「あり」または「なし」を選択(プルダウン) | J76: *
A77: =ROW()-11 -> 66 | D77: 同時落札条件の対象となる相手先電源(1) | E77: 相手先電源を提供する事業者の事業者コード | G77: - | I77: 同時落札条件の相手先電源(1)を提供する事業者の事業者コードを入力 | J77: *
A78: =ROW()-11 -> 67 | E78: 相手先電源の名称 | G78: - | I78: 同時落札条件の相手先電源(1)の名称を入力 | J78: *
A79: =ROW()-11 -> 68 | E79: 相手先の電源等識別番号 | G79: - | I79: 同時落札条件の相手先電源(1)の電源等識別番号を入力 | J79: *
A80: =ROW()-11 -> 69 | D80: 同時落札条件の対象となる相手先電源(2) | E80: 相手先電源を提供する事業者の事業者コード | G80: - | I80: 同上 | J80: *
A81: =ROW()-11 -> 70 | E81: 相手先電源の名称 | G81: - | I81: 同上 | J81: *
A82: =ROW()-11 -> 71 | E82: 相手先の電源等識別番号 | G82: - | I82: 同上 | J82: *
A83: =ROW()-11 -> 72 | D83: 同時落札条件の対象となる相手先電源(3) | E83: 相手先電源を提供する事業者の事業者コード | G83: - | I83: 同上 | J83: *
A84: =ROW()-11 -> 73 | E84: 相手先電源の名称 | G84: - | I84: 同上 | J84: *
A85: =ROW()-11 -> 74 | E85: 相手先の電源等識別番号 | G85: - | I85: 同上 | J85: *
A86: =ROW()-11 -> 75 | D86: 同時落札条件の対象となる相手先電源(4) | E86: 相手先電源を提供する事業者の事業者コード | G86: - | I86: 同上 | J86: *
A87: =ROW()-11 -> 76 | E87: 相手先電源の名称 | G87: - | I87: 同上 | J87: *
A88: =ROW()-11 -> 77 | E88: 相手先の電源等識別番号 | G88: - | I88: 同上 | J88: *
A89: =ROW()-11 -> 78 | D89: 同時落札条件の対象となる相手先電源(5) | E89: 相手先電源を提供する事業者の事業者コード | G89: - | I89: 同上 | J89: *
A90: =ROW()-11 -> 79 | E90: 相手先電源の名称 | G90: - | I90: 同上 | J90: *
A91: =ROW()-11 -> 80 | E91: 相手先の電源等識別番号 | G91: - | I91: 同上 | J91: *
A92: =ROW()-11 -> 81 | D92: PCSに係るセキュリティ対策の実施有無 | G92: - | I92: 「あり」または「なし」を選択(プルダウン) | J92: *
A93: =ROW()-11 -> 82 | D93: ウィンドファームと外部の結節点となる ゲートウェイのファイアーウォールに係る セキュリティ対策の実施有無 | G93: - | I93: 「あり」または「なし」を選択(プルダウン) | J93: *
A94: =ROW()-11 -> 83 | D94: バランシングコスト相当分のFIP交付金の放棄の有無 | G94: - | I94: 「あり」または「なし」を選択(プルダウン) ※洋上風力ゼロプレミアム電源のみ入力してください | J94: *
A95: =ROW()-11 -> 84 | D95: 供給価格を0円/kWhにするために公募占用計画変更の実施有無 | G95: - | I95: 「あり」または「なし」を選択(プルダウン) ※洋上風力ゼロプレミアム電源のみ入力してください | J95: *
A96: =ROW()-11 -> 85 | D96: 系統接続に係る事項 | E96: 接続検討回答日 | G96: YYYYMMDD | I96: 接続検討回答日を入力(YYYYMMDD) 接続検討回答書を複数受領している場合は、添付資料として提出する接続検討回答書に記載されている接続検討回答日のうち最も古い日付を入力 | J96: *
A97: =ROW()-11 -> 86 | E97: 工事費負担金額 | G97: 円(税抜) | I97: 工事費負担金額を入力(0以上の整数) | J97: *
A98: =ROW()-11 -> 87 | D98: 事業実施計画 | E98: 環境影響評価の要否 | G98: - | I98: 環境影響評価の要否を選択(プルダウン) | J98: *
A99: =ROW()-11 -> 88 | E99: 環境影響評価の手続予定期間 | G99: - | I99: 環境影響評価の手続予定期間を入力 | J99: *
A100: =ROW()-11 -> 89 | E100: 設置工事開始予定年月 | G100: YYYYMM | I100: 設置工事開始予定年月を入力(YYYYMM) | J100: *
A101: =ROW()-11 -> 90 | B101: 資金調達に係る情報 | C101: 総調達予定額 | G101: 円 | I101: 総調達予定額を入力(0以上の整数) | J101: *
A102: =ROW()-11 -> 91 | C102: 自己資本による調達予定額 | D102: 資本金額 | G102: 円 | I102: 資本金額を入力(0以上の整数) | J102: *
...

Sheet 事業計画書
E3: ="応札事業者名："&IF(E14<>"-",E14,IF(E20<>"-",E20,"")) -> 応札事業者名：
E7: ="発電設備名："&IF(E44<>"",E44,"") -> 発電設備名：
A9: 事業計画書
A11: 1.応札事業者
A12: コンソーシアム以外の場合
A13: 事業者コード | E13: =IF(参加登録申請者記入シート!$H$12="単一事業者による参加登録", IF(参加登録申請者記入シート!H13="", "-", 参加登録申請者記入シート!H13), "-") -> - | F13: * | O13: =IF(J13=0,"",COUNTIF(電源等情報登録項目!$K$6:$L$63,J13))
A14: 事業者名 | E14: =IF(参加登録申請者記入シート!$H$12="単一事業者による参加登録", IF(参加登録申請者記入シート!H14="", "-", 参加登録申請者記入シート!H14), "-") -> - | F14: * | O14: =IF(J14=0,"",COUNTIF(電源等情報登録項目!$K$6:$L$63,J14))
A15: 住所 | E15: =IF(参加登録申請者記入シート!$H$12="単一事業者による参加登録", IF(参加登録申請者記入シート!H15="", "-", 参加登録申請者記入シート!H15), "-") -> - | F15: * | O15: =IF(J15=0,"",COUNTIF(電源等情報登録項目!$K$6:$L$63,J15))
A16: 法人番号 | E16: =IF(参加登録申請者記入シート!$H$12="単一事業者による参加登録", IF(参加登録申請者記入シート!H16="", "-", 参加登録申請者記入シート!H16), "-") -> - | F16: * | O16: =IF(J16=0,"",COUNTIF(電源等情報登録項目!$K$6:$L$63,J16))
O17: =IF(J17=0,"",COUNTIF(電源等情報登録項目!$K$6:$L$63,J17))
A18: コンソーシアムの場合 | O18: =IF(J18=0,"",COUNTIF(電源等情報登録項目!$K$6:$L$63,J18))
A19: 代表企業 | C19: 事業者コード | E19: =IF(参加登録申請者記入シート!$H$12="単一事業者による参加登録", "-", IF(参加登録申請者記入シート!H17<>"",参加登録申請者記入シート!H17,"-")) -> - | F19: * | O19: =IF(J19=0,"",COUNTIF(電源等情報登録項目!$K$6:$L$63,J19))
C20: 事業者名 | E20: =IF(参加登録申請者記入シート!$H$12="単一事業者による参加登録", "-", IF(参加登録申請者記入シート!H18<>"",参加登録申請者記入シート!H18,"-")) -> - | F20: * | O20: =IF(J20=0,"",COUNTIF(電源等情報登録項目!$K$6:$L$63,J20))
C21: 住所 | E21: =IF(参加登録申請者記入シート!$H$12="単一事業者による参加登録", "-", IF(参加登録申請者記入シート!H19<>"",参加登録申請者記入シート!H19,"-")) -> - | F21: * | O21: =IF(J21=0,"",COUNTIF(電源等情報登録項目!$K$6:$L$63,J21))
C22: 法人番号 | E22: =IF(参加登録申請者記入シート!$H$12="単一事業者による参加登録", "-", IF(参加登録申請者記入シート!H20<>"",参加登録申請者記入シート!H20,"-")) -> - | F22: * | O22: =IF(J22=0,"",COUNTIF(電源等情報登録項目!$K$6:$L$63,J22))
C23: 出資比率（予定） | E23: =IF(参加登録申請者記入シート!$H$12="単一事業者による参加登録", "-", IF(参加登録申請者記入シート!H21<>"",参加登録申請者記入シート!H21,"-")) -> - | F23: * | O23: =IF(J23=0,"",COUNTIF(電源等情報登録項目!$K$6:$L$63,J23))
C24: 議決権保有割合（予定） | E24: =IF(参加登録申請者記入シート!$H$12="単一事業者による参加登録", "-", IF(参加登録申請者記入シート!H22<>"",参加登録申請者記入シート!H22,"-")) -> - | F24: * | O24: =IF(J24=0,"",COUNTIF(電源等情報登録項目!$K$6:$L$63,J24))
A25: 構成員① | C25: 事業者名 | E25: =IF(参加登録申請者記入シート!$H$12="単一事業者による参加登録", "-", IF(参加登録申請者記入シート!H23<>"",参加登録申請者記入シート!H23,"-")) -> - | F25: * | O25: =IF(J25=0,"",COUNTIF(電源等情報登録項目!$K$6:$L$63,J25))
C26: 住所 | E26: =IF(参加登録申請者記入シート!$H$12="単一事業者による参加登録", "-", IF(参加登録申請者記入シート!H24<>"",参加登録申請者記入シート!H24,"-")) -> - | F26: * | O26: =IF(J26=0,"",COUNTIF(電源等情報登録項目!$K$6:$L$63,J26))
C27: 法人番号 | E27: =IF(参加登録申請者記入シート!$H$12="単一事業者による参加登録", "-", IF(参加登録申請者記入シート!H25<>"",参加登録申請者記入シート!H25,"-")) -> - | F27: * | O27: =IF(J27=0,"",COUNTIF(電源等情報登録項目!$K$6:$L$63,J27))
C28: 出資比率（予定） | E28: =IF(参加登録申請者記入シート!$H$12="単一事業者による参加登録", "-", IF(参加登録申請者記入シート!H26<>"",参加登録申請者記入シート!H26,"-")) -> - | F28: * | O28: =IF(J28=0,"",COUNTIF(電源等情報登録項目!$K$6:$L$63,J28))
C29: 議決権保有割合（予定） | E29: =IF(参加登録申請者記入シート!$H$12="単一事業者による参加登録", "-", IF(参加登録申請者記入シート!H27<>"",参加登録申請者記入シート!H27,"-")) -> - | F29: * | O29: =IF(J29=0,"",COUNTIF(電源等情報登録項目!$K$6:$L$63,J29))
A30: 構成員② | C30: 事業者名 | E30: =IF(参加登録申請者記入シート!$H$12="単一事業者による参加登録", "-", IF(参加登録申請者記入シート!H28<>"",参加登録申請者記入シート!H28,"-")) -> - | F30: * | O30: =IF(J30=0,"",COUNTIF(電源等情報登録項目!$K$6:$L$63,J30))
C31: 住所 | E31: =IF(参加登録申請者記入シート!$H$12="単一事業者による参加登録", "-", IF(参加登録申請者記入シート!H29<>"",参加登録申請者記入シート!H29,"-")) -> - | F31: * | O31: =IF(J31=0,"",COUNTIF(電源等情報登録項目!$K$6:$L$63,J31))
C32: 法人番号 | E32: =IF(参加登録申請者記入シート!$H$12="単一事業者による参加登録", "-", IF(参加登録申請者記入シート!H30<>"",参加登録申請者記入シート!H30,"-")) -> - | F32: * | O32: =IF(J32=0,"",COUNTIF(電源等情報登録項目!$K$6:$L$63,J32))
C33: 出資比率（予定） | E33: =IF(参加登録申請者記入シート!$H$12="単一事業者による参加登録", "-", IF(参加登録申請者記入シート!H31<>"",参加登録申請者記入シート!H31,"-")) -> - | F33: * | O33: =IF(J33=0,"",COUNTIF(電源等情報登録項目!$K$6:$L$63,J33))
C34: 議決権保有割合（予定） | E34: =IF(参加登録申請者記入シート!$H$12="単一事業者による参加登録", "-", IF(参加登録申請者記入シート!H32<>"",参加登録申請者記入シート!H32,"-")) -> - | F34: * | O34: =IF(J34=0,"",COUNTIF(電源等情報登録項目!$K$6:$L$63,J34))
A35: 構成員③ | C35: 事業者名 | E35: =IF(参加登録申請者記入シート!$H$12="単一事業者による参加登録", "-", IF(参加登録申請者記入シート!H33<>"",参加登録申請者記入シート!H33,"-")) -> - | F35: * | O35: =IF(J35=0,"",COUNTIF(電源等情報登録項目!$K$6:$L$63,J35))
C36: 住所 | E36: =IF(参加登録申請者記入シート!$H$12="単一事業者による参加登録", "-", IF(参加登録申請者記入シート!H34<>"",参加登録申請者記入シート!H34,"-")) -> - | F36: * | O36: =IF(J36=0,"",COUNTIF(電源等情報登録項目!$K$6:$L$63,J36))
C37: 法人番号 | E37: =IF(参加登録申請者記入シート!$H$12="単一事業者による参加登録", "-", IF(参加登録申請者記入シート!H35<>"",参加登録申請者記入シート!H35,"-")) -> - | F37: * | O37: =IF(J37=0,"",COUNTIF(電源等情報登録項目!$K$6:$L$63,J37))
C38: 出資比率（予定） | E38: =IF(参加登録申請者記入シート!$H$12="単一事業者による参加登録", "-", IF(参加登録申請者記入シート!H36<>"",参加登録申請者記入シート!H36,"-")) -> - | F38: * | O38: =IF(J38=0,"",COUNTIF(電源等情報登録項目!$K$6:$L$63,J38))
C39: 議決権保有割合（予定） | E39: =IF(参加登録申請者記入シート!$H$12="単一事業者による参加登録", "-", IF(参加登録申請者記入シート!H37<>"",参加登録申請者記入シート!H37,"-")) -> - | F39: * | O39: =IF(J39=0,"",COUNTIF(電源等情報登録項目!$K$6:$L$63,J39))
O40: =IF(J40=0,"",COUNTIF(電源等情報登録項目!$K$6:$L$63,J40))
A41: 2.応札電源の名称等 | O41: =IF(J41=0,"",COUNTIF(電源等情報登録項目!$K$6:$L$63,J41))
A42: 容量を提供する電源等の区分 | E42: 変動電源 | F42: * | O42: =IF(J42=0,"",COUNTIF(電源等情報登録項目!$K$6:$L$63,J42))
A43: 新設・リプレース | E43: =IF(参加登録申請者記入シート!H51<>"",参加登録申請者記入シート!H51,"") | F43: * | O43: =IF(J43=0,"",COUNTIF(電源等情報登録項目!$K$6:$L$63,J43))
A44: 電源等の名称 | E44: =IF(参加登録申請者記入シート!H40<>"",参加登録申請者記入シート!H40,"") | F44: * | O44: =IF(J44=0,"",COUNTIF(電源等情報登録項目!$K$6:$L$63,J44))
A45: 電源種別 | E45: =IF(参加登録申請者記入シート!H52<>"",参加登録申請者記入シート!H52,"") | F45: * | O45: =IF(J45=0,"",COUNTIF(電源等情報登録項目!$K$6:$L$63,J45))
A46: 設置場所 | E46: =IF(参加登録申請者記入シート!H42<>"",参加登録申請者記入シート!H42,"") | F46: * | O46: =IF(J46=0,"",COUNTIF(電源等情報登録項目!$K$6:$L$63,J46))
A47: 発電設備の所有者 | C47: 事業者名 | E47: =IF(参加登録申請者記入シート!H43<>"",参加登録申請者記入シート!H43,"") | F47: * | O47: =IF(J47=0,"",COUNTIF(電源等情報登録項目!$K$6:$L$63,J47))
C48: 住所 | E48: =IF(参加登録申請者記入シート!H44<>"",参加登録申請者記入シート!H44,"") | F48: * | O48: =IF(J48=0,"",COUNTIF(電源等情報登録項目!$K$6:$L$63,J48))
C49: 法人番号 | E49: =IF(参加登録申請者記入シート!H45<>"",参加登録申請者記入シート!H45,"") | F49: * | O49: =IF(J49=0,"",COUNTIF(電源等情報登録項目!$K$6:$L$63,J49))
A50: 発電設備の出力 | C50: 設備容量(発電端) | E50: =IF(参加登録申請者記入シート!H54<>"",参加登録申請者記入シート!H54,"") | F50: * | O50: =IF(J50=0,"",COUNTIF(電源等情報登録項目!$K$6:$L$63,J50))
C51: 設備容量(送電端) | E51: =IF(参加登録申請者記入シート!H57<>"",参加登録申請者記入シート!H57,"") | F51: * | O51: =IF(J51=0,"",COUNTIF(電源等情報登録項目!$K$6:$L$63,J51))
C52: 本オークションに参加可能な設備容量(送電端) | E52: =IF(参加登録申請者記入シート!H63<>"",参加登録申請者記入シート!H63,"") -> 0 | F52: * | O52: =IF(J52=0,"",COUNTIF(電源等情報登録項目!$K$6:$L$63,J52))
A53: 系統接続に係る事項 | C53: 接続検討回答日 | E53: =IF(参加登録申請者記入シート!H96<>"",参加登録申請者記入シート!H96,"") | F53: * | O53: =IF(J53=0,"",COUNTIF(電源等情報登録項目!$K$6:$L$63,J53))
C54: 工事費負担金額 | E54: =IF(参加登録申請者記入シート!H97<>"",参加登録申請者記入シート!H97,"") | F54: * | O54: =IF(J54=0,"",COUNTIF(電源等情報登録項目!$K$6:$L$63,J54))
A55: 事業実施計画 | C55: 環境影響評価の要否 | E55: =IF(参加登録申請者記入シート!H98<>"",参加登録申請者記入シート!H98,"") | F55: * | O55: =IF(J55=0,"",COUNTIF(電源等情報登録項目!$K$6:$L$63,J55))
C56: 環境影響評価の手続予定期間 | E56: =IF(参加登録申請者記入シート!H99<>"",参加登録申請者記入シート!H99,"") | F56: * | O56: =IF(J56=0,"",COUNTIF(電源等情報登録項目!$K$6:$L$63,J56))
C57: 設置工事開始予定年月 | E57: =IF(参加登録申請者記入シート!H100<>"",参加登録申請者記入シート!H100,"") | F57: * | O57: =IF(J57=0,"",COUNTIF(電源等情報登録項目!$K$6:$L$63,J57))
C58: 供給力提供開始時期 | E58: =IF(参加登録申請者記入シート!H64<>"",参加登録申請者記入シート!H64,"") | F58: * | O58: =IF(J58=0,"",COUNTIF(電源等情報登録項目!$K$6:$L$63,J58))
A59: 資金調達計画 | C59: 総調達予定額 | E59: =IF(参加登録申請者記入シート!H101<>"",参加登録申請者記入シート!H101,"") | F59: * | O59: =IF(J59=0,"",COUNTIF(電源等情報登録項目!$K$6:$L$63,J59))
C60: うち自己資本による調達予定額 | E60: =IF(参加登録申請者記入シート!H102<>"",参加登録申請者記入シート!H102,"") | F60: * | O60: =IF(J60=0,"",COUNTIF(電源等情報登録項目!$K$6:$L$63,J60))
C61: うち負債による調達予定額 | E61: =IF(参加登録申請者記入シート!H118<>"",参加登録申請者記入シート!H118,"") | F61: * | O61: =IF(J61=0,"",COUNTIF(電源等情報登録項目!$K$6:$L$63,J61))
A62: 補助金の受領額 | C62: 補助金の名称 | E62: =IF(参加登録申請者記入シート!H140<>"",参加登録申請者記入シート!H140,"") | F62: * | O62: =IF(J62=0,"",COUNTIF(電源等情報登録項目!$K$6:$L$63,J62))
C63: 補助金の内容 | E63: =IF(参加登録申請者記入シート!H141<>"",参加登録申請者記入シート!H141,"") | F63: * | O63: =IF(J63=0,"",COUNTIF(電源等情報登録項目!$K$6:$L$63,J63))
C64: 補助金の受領額 | E64: =IF(参加登録申請者記入シート!H142<>"",参加登録申請者記入シート!H142,"") | F64: * | O64: =IF(J64=0,"",COUNTIF(電源等情報登録項目!$K$6:$L$63,J64))
O65: =IF(J65=0,"",COUNTIF(電源等情報登録項目!$K$6:$L$63,J65))
O66: =IF(J66=0,"",COUNTIF(電源等情報登録項目!$K$6:$L$63,J66))
O67: =IF(J67=0,"",COUNTIF(電源等情報登録項目!$K$6:$L$63,J67))
O68: =IF(J68=0,"",COUNTIF(電源等情報登録項目!$K$6:$L$63,J68))
A69: 資金調達計画 | O69: =IF(J69=0,"",COUNTIF(電源等情報登録項目!$K$6:$L$63,J69))
O70: =IF(J70=0,"",COUNTIF(電源等情報登録項目!$K$6:$L$63,J70))
A71: 総調達予定額 | E71: =IF(参加登録申請者記入シート!H101<>"",参加登録申請者記入シート!H101,"-") -> - | F71: * | O71: =IF(J71=0,"",COUNTIF(電源等情報登録項目!$K$6:$L$63,J71))
A72: 自己資本による調達予定額 | B72: 資本金額 | E72: =IF(参加登録申請者記入シート!H102<>"",参加登録申請者記入シート!H102,"-") -> - | F72: * | O72: =IF(J72=0,"",COUNTIF(電源等情報登録項目!$K$6:$L$63,J72))
B73: 出資者・ 出資比率 | C73: 出資者(1) | D73: 名称 | E73: =IF(参加登録申請者記入シート!H103<>"",参加登録申請者記入シート!H103,"-") -> - | F73: * | O73: =IF(J73=0,"",COUNTIF(電源等情報登録項目!$K$6:$L$63,J73))
D74: 出資比率（予定） | E74: =IF(参加登録申請者記入シート!H104<>"",参加登録申請者記入シート!H104,"-") -> - | F74: * | O74: =IF(J74=0,"",COUNTIF(電源等情報登録項目!$K$6:$L$63,J74))
D75: 出資者の選定理由 | E75: =IF(参加登録申請者記入シート!H105<>"",参加登録申請者記入シート!H105,"-") -> - | F75: * | O75: =IF(J75=0,"",COUNTIF(電源等情報登録項目!$K$6:$L$63,J75))
C76: 出資者(2) | D76: 名称 | E76: =IF(参加登録申請者記入シート!H106<>"",参加登録申請者記入シート!H106,"-") -> - | F76: * | O76: =IF(J76=0,"",COUNTIF(電源等情報登録項目!$K$6:$L$63,J76))
D77: 出資比率（予定） | E77: =IF(参加登録申請者記入シート!H107<>"",参加登録申請者記入シート!H107,"-") -> - | F77: * | O77: =IF(J77=0,"",COUNTIF(電源等情報登録項目!$K$6:$L$63,J77))
D78: 出資者の選定理由 | E78: =IF(参加登録申請者記入シート!H108<>"",参加登録申請者記入シート!H108,"-") -> - | F78: * | O78: =IF(J78=0,"",COUNTIF(電源等情報登録項目!$K$6:$L$63,J78))
C79: 出資者(3) | D79: 名称 | E79: =IF(参加登録申請者記入シート!H109<>"",参加登録申請者記入シート!H109,"-") -> - | F79: * | O79: =IF(J79=0,"",COUNTIF(電源等情報登録項目!$K$6:$L$63,J79))
D80: 出資比率（予定） | E80: =IF(参加登録申請者記入シート!H110<>"",参加登録申請者記入シート!H110,"-") -> - | F80: * | O80: =IF(J80=0,"",COUNTIF(電源等情報登録項目!$K$6:$L$63,J80))
D81: 出資者の選定理由 | E81: =IF(参加登録申請者記入シート!H111<>"",参加登録申請者記入シート!H111,"-") -> - | F81: * | O81: =IF(J81=0,"",COUNTIF(電源等情報登録項目!$K$6:$L$63,J81))
C82: 出資者(4) | D82: 名称 | E82: =IF(参加登録申請者記入シート!H112<>"",参加登録申請者記入シート!H112,"-") -> - | F82: * | O82: =IF(J82=0,"",COUNTIF(電源等情報登録項目!$K$6:$L$63,J82))
D83: 出資比率（予定） | E83: =IF(参加登録申請者記入シート!H113<>"",参加登録申請者記入シート!H113,"-") -> - | F83: * | O83: =IF(J83=0,"",COUNTIF(電源等情報登録項目!$K$6:$L$63,J83))
D84: 出資者の選定理由 | E84: =IF(参加登録申請者記入シート!H114<>"",参加登録申請者記入シート!H114,"-") -> - | F84: * | O84: =IF(J84=0,"",COUNTIF(電源等情報登録項目!$K$6:$L$63,J84))
C85: 出資者(5) | D85: 名称 | E85: =IF(参加登録申請者記入シート!H115<>"",参加登録申請者記入シート!H115,"-") -> - | F85: * | O85: =IF(J85=0,"",COUNTIF(電源等情報登録項目!$K$6:$L$63,J85))
D86: 出資比率（予定） | E86: =IF(参加登録申請者記入シート!H116<>"",参加登録申請者記入シート!H116,"-") -> - | F86: * | O86: =IF(J86=0,"",COUNTIF(電源等情報登録項目!$K$6:$L$63,J86))
D87: 出資者の選定理由 | E87: =IF(参加登録申請者記入シート!H117<>"",参加登録申請者記入シート!H117,"-") -> - | F87: * | O87: =IF(J87=0,"",COUNTIF(電源等情報登録項目!$K$6:$L$63,J87))
A88: 負債による調達予定額 | B88: 総借入額 | E88: =IF(参加登録申請者記入シート!H118<>"",参加登録申請者記入シート!H118,"-") -> - | F88: * | O88: =IF(J88=0,"",COUNTIF(電源等情報登録項目!$K$6:$L$63,J88))
B89: 借入形式 | C89: 借入形式 | E89: =IF(参加登録申請者記入シート!H119<>"",参加登録申請者記入シート!H119,"-") -> - | F89: * | O89: =IF(J89=0,"",COUNTIF(電源等情報登録項目!$K$6:$L$63,J89))
C90: 借入形式(その他の場合の詳細) | E90: =IF(参加登録申請者記入シート!H120<>"",参加登録申請者記入シート!H120,"-") -> - | F90: * | O90: =IF(J90=0,"",COUNTIF(電源等情報登録項目!$K$6:$L$63,J90))
C91: 当該形式を選択する理由 | E91: =IF(参加登録申請者記入シート!H121<>"",参加登録申請者記入シート!H121,"-") -> - | F91: * | O91: =IF(J91=0,"",COUNTIF(電源等情報登録項目!$K$6:$L$63,J91))
B92: 想定する金融機関 | C92: 金融機関(1) | D92: 名称 | E92: =IF(参加登録申請者記入シート!H122<>"",参加登録申請者記入シート!H122,"-") -> - | F92: * | O92: =IF(J92=0,"",COUNTIF(電源等情報登録項目!$K$6:$L$63,J92))
D93: 借入比率 | E93: =IF(参加登録申請者記入シート!H123<>"",参加登録申請者記入シート!H123,"-") -> - | F93: * | O93: =IF(J93=0,"",COUNTIF(電源等情報登録項目!$K$6:$L$63,J93))
D94: 当該金融機関の選定理由 | E94: =IF(参加登録申請者記入シート!H124<>"",参加登録申請者記入シート!H124,"-") -> - | F94: * | O94: =IF(J94=0,"",COUNTIF(電源等情報登録項目!$K$6:$L$63,J94))
C95: 金融機関(2) | D95: 名称 | E95: =IF(参加登録申請者記入シート!H125<>"",参加登録申請者記入シート!H125,"-") -> - | F95: * | O95: =IF(J95=0,"",COUNTIF(電源等情報登録項目!$K$6:$L$63,J95))
D96: 借入比率 | E96: =IF(参加登録申請者記入シート!H126<>"",参加登録申請者記入シート!H126,"-") -> - | F96: * | O96: =IF(J96=0,"",COUNTIF(電源等情報登録項目!$K$6:$L$63,J96))
D97: 当該金融機関の選定理由 | E97: =IF(参加登録申請者記入シート!H127<>"",参加登録申請者記入シート!H127,"-") -> - | F97: * | O97: =IF(J97=0,"",COUNTIF(電源等情報登録項目!$K$6:$L$63,J97))
C98: 金融機関(3) | D98: 名称 | E98: =IF(参加登録申請者記入シート!H128<>"",参加登録申請者記入シート!H128,"-") -> - | F98: * | O98: =IF(J98=0,"",COUNTIF(電源等情報登録項目!$K$6:$L$63,J98))
D99: 借入比率 | E99: =IF(参加登録申請者記入シート!H129<>"",参加登録申請者記入シート!H129,"-") -> - | F99: * | O99: =IF(J99=0,"",COUNTIF(電源等情報登録項目!$K$6:$L$63,J99))
D100: 当該金融機関の選定理由 | E100: =IF(参加登録申請者記入シート!H130<>"",参加登録申請者記入シート!H130,"-") -> - | F100: * | O100: =IF(J100=0,"",COUNTIF(電源等情報登録項目!$K$6:$L$63,J100))
C101: 金融機関(4) | D101: 名称 | E101: =IF(参加登録申請者記入シート!H131<>"",参加登録申請者記入シート!H131,"-") -> - | F101: * | O101: =IF(J101=0,"",COUNTIF(電源等情報登録項目!$K$6:$L$63,J101))
D102: 借入比率 | E102: =IF(参加登録申請者記入シート!H132<>"",参加登録申請者記入シート!H132,"-") -> - | F102: * | O102: =IF(J102=0,"",COUNTIF(電源等情報登録項目!$K$6:$L$63,J102))
D103: 当該金融機関の選定理由 | E103: =IF(参加登録申請者記入シート!H133<>"",参加登録申請者記入シート!H133,"-") -> - | F103: * | O103: =IF(J103=0,"",COUNTIF(電源等情報登録項目!$K$6:$L$63,J103))
C104: 金融機関(5) | D104: 名称 | E104: =IF(参加登録申請者記入シート!H134<>"",参加登録申請者記入シート!H134,"-") -> - | F104: * | O104: =IF(J104=0,"",COUNTIF(電源等情報登録項目!$K$6:$L$63,J104))
D105: 借入比率 | E105: =IF(参加登録申請者記入シート!H135<>"",参加登録申請者記入シート!H135,"-") -> - | F105: * | O105: =IF(J105=0,"",COUNTIF(電源等情報登録項目!$K$6:$L$63,J105))
D106: 当該金融機関の選定理由 | E106: =IF(参加登録申請者記入シート!H136<>"",参加登録申請者記入シート!H136,"-") -> - | F106: * | O106: =IF(J106=0,"",COUNTIF(電源等情報登録項目!$K$6:$L$63,J106))
B107: 債権を発行する場合 | C107: 債権の種類 | E107: =IF(参加登録申請者記入シート!H137<>"",参加登録申請者記入シート!H137,"-") -> - | F107: * | O107: =IF(J107=0,"",COUNTIF(電源等情報登録項目!$K$6:$L$63,J107))
...

Sheet 電源等情報登録項目
G1: G列：広域使用欄 | H1: H列：広域使用欄
A2: 電源等情報登録様式(2026年度長期脱炭素電源オークション向け) | G2: 総合審査結果
G3: =IF(COUNTIF(電源等情報登録項目!G6:G63,"不合格")>0,"不合格",IF(COUNTIF(電源等情報登録項目!G6:G63,"仮合格")>0,"条件付き合格",IF(COUNTIF(電源等情報登録項目!G6:G63,"合格")>0,"合格","")))
A4: 情報分類 | B4: # | C4: 項目 | E4: 単位 | F4: 「参加登録申請者記入」シートからのデータ連携欄 | G4: 広域機関審査結果 | H4: 備考（不合格理由等） | I4: *
I5: *
A6: 基本情報 | B6: =ROW()-5 -> 1 | C6: 容量オークション区分 | E6: - | F6: 長期脱炭素電源オークション | I6: *
B7: =ROW()-5 -> 2 | C7: 容量を提供する電源等の区分 | E7: - | F7: 変動電源 | I7: *
B8: =ROW()-5 -> 3 | C8: 制度適用期間開始年度 | E8: 年度 | F8: =IF(参加登録申請者記入シート!H39<>"",参加登録申請者記入シート!H39,"") | I8: *
B9: =ROW()-5 -> 4 | C9: 事業者名（コンソーシアムの場合は代表企業の事業者名） | E9: - | F9: =IF(参加登録申請者記入シート!H12="単一事業者による参加登録",IF(参加登録申請者記入シート!H14<>"",参加登録申請者記入シート!H14,""),IF(参加登録申請者記入シート!H18<>"",参加登録申請者記入シート!H18,"")) | I9: *
B10: =ROW()-5 -> 5 | C10: 事業者コード | E10: - | F10: =IF(参加登録申請者記入シート!H12="単一事業者による参加登録",IF(参加登録申請者記入シート!H13<>"",参加登録申請者記入シート!H13,""),IF(参加登録申請者記入シート!H17<>"",参加登録申請者記入シート!H17,"")) | I10: *
B11: =ROW()-5 -> 6 | C11: 電源等の名称 | E11: - | F11: =IF(参加登録申請者記入シート!H40<>"",参加登録申請者記入シート!H40,"") | I11: *
B12: =ROW()-5 -> 7 | C12: 電源等識別番号 | E12: - | F12: =IF(参加登録申請者記入シート!H41<>"",参加登録申請者記入シート!H41,"") | I12: *
B13: =ROW()-5 -> 8 | C13: 受電地点特定番号 | E13: - | F13: =IF(参加登録申請者記入シート!H46<>"",参加登録申請者記入シート!H46,"") | I13: *
B14: =ROW()-5 -> 9 | C14: 系統コード | E14: - | F14: =IF(参加登録申請者記入シート!H47<>"",参加登録申請者記入シート!H47,"") | I14: *
B15: =ROW()-5 -> 10 | C15: エリア名 | E15: - | F15: =IF(参加登録申請者記入シート!H48<>"",参加登録申請者記入シート!H48,"") | I15: *
A16: 詳細情報 | B16: =ROW()-5 -> 11 | C16: 号機単位の名称 | E16: - | F16: =IF(参加登録申請者記入シート!H49<>"",参加登録申請者記入シート!H49,"") | I16: *
B17: =ROW()-5 -> 12 | C17: 号機単位の所有者 | E17: - | F17: =IF(参加登録申請者記入シート!H50<>"",参加登録申請者記入シート!H50,"") | I17: *
B18: =ROW()-5 -> 13 | C18: 新設・リプレース | E18: - | F18: =IF(参加登録申請者記入シート!H51<>"",参加登録申請者記入シート!H51,"") | I18: *
B19: =ROW()-5 -> 14 | C19: 電源種別 | E19: - | F19: =IF(参加登録申請者記入シート!H52<>"",参加登録申請者記入シート!H52,"") | I19: *
B20: =ROW()-5 -> 15 | C20: 発電方式の区分 | E20: - | F20: =IF(参加登録申請者記入シート!H53<>"",参加登録申請者記入シート!H53,"") | I20: *
B21: =ROW()-5 -> 16 | C21: 設備容量(発電端) | E21: kW | F21: =IF(参加登録申請者記入シート!H54<>"",参加登録申請者記入シート!H54,"") | I21: *
B22: =ROW()-5 -> 17 | C22: 所内消費に供出する容量 | E22: kW | F22: =IF(参加登録申請者記入シート!H55<>"",参加登録申請者記入シート!H55,"") | I22: *
B23: =ROW()-5 -> 18 | C23: 自家消費に供出する容量(ベース分) | E23: kW | F23: =IF(参加登録申請者記入シート!H56<>"",参加登録申請者記入シート!H56,"") | I23: *
B24: =ROW()-5 -> 19 | C24: 設備容量(送電端) | E24: kW | F24: =IF(参加登録申請者記入シート!H57<>"",参加登録申請者記入シート!H57,"") | I24: *
B25: =ROW()-5 -> 20 | C25: 自家消費に供出する容量(変動分) | E25: kW | F25: =IF(参加登録申請者記入シート!H58<>"",参加登録申請者記入シート!H58,"") | I25: *
B26: =ROW()-5 -> 21 | C26: 自己託送に供出する容量 | E26: kW | F26: =IF(参加登録申請者記入シート!H59<>"",参加登録申請者記入シート!H59,"") | I26: *
B27: =ROW()-5 -> 22 | C27: 特定供給に供出する容量 | E27: kW | F27: =IF(参加登録申請者記入シート!H60<>"",参加登録申請者記入シート!H60,"") | I27: *
B28: =ROW()-5 -> 23 | C28: 特定送配電事業者に供出する容量 | E28: kW | F28: =IF(参加登録申請者記入シート!H61<>"",参加登録申請者記入シート!H61,"") | I28: *
... B43: =ROW()-5 -> 38 | C43: 同時落札条件に係る共用設備の有無 | E43: - | F43: =IF(参加登録申請者記入シート!H76<>"",参加登録申請者記入シート!H76,"") | I43: *
B44: =ROW()-5 -> 39 | C44: 同時落札条件の対象となる相手先電源(1) | D44: 相手先電源を提供する事業者の事業者コード | E44: - | F44: =IF(参加登録申請者記入シート!H77<>"",参加登録申請者記入シート!H77,"") | I44: *
B45: =ROW()-5 -> 40 | D45: 相手先電源の名称 | E45: - | F45: =IF(参加登録申請者記入シート!H78<>"",参加登録申請者記入シート!H78,"") | I45: *
B46: =ROW()-5 -> 41 | D46: 相手先の電源等識別番号 | E46: - | F46: =IF(参加登録申請者記入シート!H79<>"",参加登録申請者記入シート!H79,"") | I46: *
B47: =ROW()-5 -> 42 | C47: 同時落札条件の対象となる相手先電源(2) | D47: 相手先電源を提供する事業者の事業者コード | E47: - | F47: =IF(参加登録申請者記入シート!H80<>"",参加登録申請者記入シート!H80,"") | I47: *
B48: =ROW()-5 -> 43 | D48: 相手先電源の名称 | E48: - | F48: =IF(参加登録申請者記入シート!H81<>"",参加登録申請者記入シート!H81,"") | I48: *
B49: =ROW()-5 -> 44 | D49: 相手先の電源等識別番号 | E49: - | F49: =IF(参加登録申請者記入シート!H82<>"",参加登録申請者記入シート!H82,"") | I49: *
B50: =ROW()-5 -> 45 | C50: 同時落札条件の対象となる相手先電源(3) | D50: 相手先電源を提供する事業者の事業者コード | E50: - | F50: =IF(参加登録申請者記入シート!H83<>"",参加登録申請者記入シート!H83,"") | I50: *
B51: =ROW()-5 -> 46 | D51: 相手先電源の名称 | E51: - | F51: =IF(参加登録申請者記入シート!H84<>"",参加登録申請者記入シート!H84,"") | I51: *
B52: =ROW()-5 -> 47 | D52: 相手先の電源等識別番号 | E52: - | F52: =IF(参加登録申請者記入シート!H85<>"",参加登録申請者記入シート!H85,"") | I52: *
B53: =ROW()-5 -> 48 | C53: 同時落札条件の対象となる相手先電源(4) | D53: 相手先電源を提供する事業者の事業者コード | E53: - | F53: =IF(参加登録申請者記入シート!H86<>"",参加登録申請者記入シート!H86,"") | I53: *
B54: =ROW()-5 -> 49 | D54: 相手先電源の名称 | E54: - | F54: =IF(参加登録申請者記入シート!H87<>"",参加登録申請者記入シート!H87,"") | I54: *
B55: =ROW()-5 -> 50 | D55: 相手先の電源等識別番号 | E55: - | F55: =IF(参加登録申請者記入シート!H88<>"",参加登録申請者記入シート!H88,"") | I55: *
B56: =ROW()-5 -> 51 | C56: 同時落札条件の対象となる相手先電源(5) | D56: 相手先電源を提供する事業者の事業者コード | E56: - | F56: =IF(参加登録申請者記入シート!H89<>"",参加登録申請者記入シート!H89,"") | I56: *
B57: =ROW()-5 -> 52 | D57: 相手先電源の名称 | E57: - | F57: =IF(参加登録申請者記入シート!H90<>"",参加登録申請者記入シート!H90,"") | I57: *
B58: =ROW()-5 -> 53 | D58: 相手先の電源等識別番号 | E58: - | F58: =IF(参加登録申請者記入シート!H91<>"",参加登録申請者記入シート!H91,"") | I58: *
B59: =ROW()-5 -> 54 | C59: PCSに係るセキュリティ対策の実施有無 | E59: - | F59: =IF(参加登録申請者記入シート!H92<>"",参加登録申請者記入シート!H92,"") | I59: *
B60: =ROW()-5 -> 55 | C60: ウィンドファームと外部の結節点となるゲートウェイのファイアーウォールに係るセキュリティ対策の実施有無 | E60: - | F60: =IF(参加登録申請者記入シート!H93<>"",参加登録申請者記入シート!H93,"") | I60: *
B61: =ROW()-5 -> 56 | C61: バランシングコスト相当分のFIP交付金の放棄の有無 | E61: - | F61: =IF(参加登録申請者記入シート!H94<>"",参加登録申請者記入シート!H94,"") | I61: *
B62: =ROW()-5 -> 57 | C62: 供給価格を0円/kWhにするために公募占用計画変更の実施有無 | E62: - | F62: =IF(参加登録申請者記入シート!H95<>"",参加登録申請者記入シート!H95,"") | I62: *
B63: =ROW()-5 -> 58 | C63: 事業計画書 | E63: - | F63: =IF(OR(事業計画書!E13<>"-",事業計画書!E23<>"-"),"○","-") -> - | I63: *
A64: * | B64: * | C64: * | D64: * | E64: * | F64: * | G64: * | H64: * | I64: *

Sheet プルダウンテーブル(非表示)
A1: 新設 | B1: リプレース | C1: 風力 | D1: 太陽光 | E1: 水力
A2: 太陽光 | B2: 太陽光 | C2: 陸上風力 | D2: なし | E2: なし
A3: 風力 | B3: 風力 | C3: 洋上風力
A4: 水力 | B4: 水力

Sheet 電源等情報登録様式_ツール取込用(非表示) 
A2: 電源等情報登録様式(2023年度長期脱炭素電源オークション向け) | G2: 総合審査結果
G3: =IF(COUNTIF('電源等情報登録様式_ツール取込用(非表示) '!G6:G72,"不合格")>0,"不合格",IF(COUNTIF('電源等情報登録様式_ツール取込用(非表示) '!G6:G72,"仮合格")>0,"条件付き合格",IF(COUNTIF('電源等情報登録様式_ツール取込用(非表示) '!G6:G72,"合格")>0,"合格","")))
A4: 情報分類 | B4: # | C4: 項目 | E4: 単位 | F4: 「参加登録申請者記入」シートからのデータ連携欄 | G4: 広域機関審査結果 | H4: 備考（不合格理由等） | I4: *
I5: *
A6: 基本情報 | B6: =ROW()-5 -> 1 | C6: 容量オークション区分 | E6: - | F6: 長期脱炭素電源オークション | H6: - | I6: *
B7: =ROW()-5 -> 2 | C7: 容量を提供する電源等の区分 | E7: - | F7: =IF(#REF!<>"",#REF!,"") -> #REF! | I7: *
B8: =ROW()-5 -> 3 | C8: 制度適用開始年度 | E8: 年度 | F8: =IF(#REF!<>"",#REF!,"") -> #REF! | I8: *
B9: =ROW()-5 -> 4 | C9: 制度適用期間 | E9: 年間 | F9: - | I9: *
B10: 5 | C10: 事業者名（コンソーシアムの場合は代表企業の事業者名） | E10: - | F10: =_xlfn.IFS(#REF!="単一事業者による参加登録",#REF!,#REF!="コンソーシアムによる参加登録",#REF!,#REF!="","") -> #REF! | I10: *
B11: =ROW()-5 -> 6 | C11: 事業者コード | E11: - | F11: =IF(#REF!<>"",#REF!&"",#REF!&"") -> #REF! | I11: *
B12: =ROW()-5 -> 7 | C12: 電源等の名称 | E12: - | F12: =IF(#REF!<>"",#REF!,"") -> #REF! | I12: *
B13: =ROW()-5 -> 8 | C13: 電源等識別番号 | E13: - | F13: =IF(#REF!<>"",#REF!,"") -> #REF! | I13: *
B14: =ROW()-5 -> 9 | C14: 受電地点特定番号 | E14: - | F14: =IF(#REF!<>"",#REF!,"") -> #REF! | I14: *
B15: =ROW()-5 -> 10 | C15: 系統コード | E15: - | F15: =IF(#REF!<>"",#REF!,"") -> #REF! | I15: *
B16: =ROW()-5 -> 11 | C16: エリア名 | E16: - | F16: =IF(#REF!<>"",#REF!,"") -> #REF! | I16: *
A17: 詳細情報 | B17: =ROW()-5 -> 12 | C17: 号機単位の名称 | E17: - | F17: =IF(#REF!<>"",#REF!,"") -> #REF! | I17: *
B18: =ROW()-5 -> 13 | C18: 号機単位の所有者 | E18: - | F18: =IF(#REF!<>"",#REF!,"") -> #REF! | I18: *
B19: =ROW()-5 -> 14 | C19: 新設/リプレース等/既設火力の改修の区分 | E19: - | F19: =IF(#REF!<>"",#REF!,"") -> #REF! | I19: *
B20: =ROW()-5 -> 15 | C20: 電源種別 | E20: - | F20: =IF(#REF!<>"",#REF!,"") -> #REF! | I20: *
B21: =ROW()-5 -> 16 | C21: 発電方式の区分 | E21: - | F21: =IF(#REF!<>"",#REF!,"") -> #REF! | I21: *
B22: =ROW()-5 -> 17 | C22: リプレースに係る補足情報 | E22: - | F22: - | I22: *
B23: =ROW()-5 -> 18 | C23: 混焼率 | E23: % | F23: - | I23: *
B24: =ROW()-5 -> 19 | C24: 設備容量(発電端) | E24: kW | F24: =IF(#REF!<>"",#REF!,"") -> #REF!
B25: =ROW()-5 -> 20 | C25: 所内消費に供出する容量 | E25: kW | F25: =IF(#REF!<>"",#REF!,"-") -> #REF!
B26: =ROW()-5 -> 21 | C26: 自家消費に供出する容量(ベース分) | E26: kW | F26: =IF(#REF!<>"",#REF!,"-") -> #REF! | I26: *
B27: =ROW()-5 -> 22 | C27: 設備容量(送電端) | E27: kW | F27: =IF(#REF!<>"",#REF!,"") -> #REF! | I27: *
B28: =ROW()-5 -> 23 | C28: 自家消費に供出する容量(変動分) | E28: kW | F28: =IF(#REF!<>"",#REF!,"") -> #REF! | I28: *
B29: =ROW()-5 -> 24 | C29: 自己託送に供出する容量 | E29: kW | F29: =IF(#REF!<>"",#REF!,"") -> #REF! | I29: *
B30: =ROW()-5 -> 25 | C30: 特定供給に供出する容量 | E30: kW | F30: =IF(#REF!<>"",#REF!,"") -> #REF! | I30: *
B31: =ROW()-5 -> 26 | C31: 特定送配電事業者に供出する容量 | E31: kW | F31: =IF(#REF!<>"",#REF!,"") -> #REF! | I31: *
B32: =ROW()-5 -> 27 | C32: 本オークションの参加要件を満たさない発電容量 | E32: kW | F32: =IF(#REF!<>"",#REF!,"") -> #REF!
B33: =ROW()-5 -> 28 | C33: FIT/FIPに供出する容量 | E33: kW | F33: =IF(#REF!<>"",#REF!,"") -> #REF!
B34: =ROW()-5 -> 29 | C34: 本オークションに参加可能な設備容量(送電端) | E34: kW | F34: =IF(#REF!<>"",#REF!,"") -> #REF! | I34: *
B35: =ROW()-5 -> 30 | C35: 供給力提供開始時期 | E35: YYYYMM | F35: =IF(#REF!<>"",#REF!,"") -> #REF! | I35: *
B36: =ROW()-5 -> 31 | C36: 調整機能の有無 | E36: - | I36: *
B37: =ROW()-5 -> 32 | C37: 発電用の自家用電気工作物(余剰の該当有無) | E37: - | I37: *
B38: =ROW()-5 -> 33 | C38: FIT/FIP認定ID | E38: - | F38: =IF(#REF!<>"",#REF!,"") -> #REF! | I38: *
B39: =ROW()-5 -> 34 | C39: 特定契約の終了年月 | E39: YYYYMM | F39: =IF(#REF!<>"",#REF!,"-") -> #REF! | I39: *
B40: =ROW()-5 -> 35 | C40: 相対契約上の契約変更締切期間 | E40: YYYYMM | F40: =IF(#REF!<>"",#REF!,"-") -> #REF! | I40: *
B41: =ROW()-5 -> 36 | C41: 発電BGコード(1) | E41: - | F41: =IF(#REF!<>"",#REF!,"-") -> #REF! | I41: *
B42: =ROW()-5 -> 37 | C42: 発電BGコード(2) | E42: - | F42: =IF(#REF!<>"",#REF!,"-") -> #REF! | I42: *
B43: =ROW()-5 -> 38 | C43: 発電BGコード(3) | E43: - | F43: =IF(#REF!<>"",#REF!,"-") -> #REF! | I43: *
B44: =ROW()-5 -> 39 | C44: 発電BGコード(4) | E44: - | F44: =IF(#REF!<>"",#REF!,"-") -> #REF! | I44: *
B45: =ROW()-5 -> 40 | C45: 発電BGコード(5) | E45: - | F45: =IF(#REF!<>"",#REF!,"-") -> #REF! | I45: *
B46: =ROW()-5 -> 41 | C46: 電源の起動時間 | E46: 分 | F46: =IF(#REF!<>"",#REF!,"-") -> #REF! | I46: *
B47: =ROW()-5 -> 42 | C47: 環境アセスメント完了年度(見込みを含む) | E47: 年度 | F47: =IF(#REF!<>"",#REF!,"-") -> #REF! | I47: *
B48: =ROW()-5 -> 43 | C48: 同時落札条件の対象有無 | E48: - | F48: =IF(#REF!<>"",#REF!,"-") -> #REF! | I48: *
B49: =ROW()-5 -> 44 | C49: 同時落札条件に係る共用設備(燃料基地)の有無 | E49: - | F49: =IF(#REF!<>"",#REF!,"-") -> #REF! | I49: *
B50: =ROW()-5 -> 45 | C50: 同時落札条件の対象となる相手先電源(1) | D50: 相手先電源を提供する事業者の事業者コード | E50: - | F50: =IF(#REF!<>"",#REF!,"-") -> #REF! | I50: *
B51: =ROW()-5 -> 46 | D51: 相手先電源の名称 | E51: - | F51: =IF(#REF!<>"",#REF!,"-") -> #REF! | I51: *
B52: =ROW()-5 -> 47 | D52: 相手先の電源等識別番号 | E52: - | F52: =IF(#REF!<>"",#REF!,"-") -> #REF! | I52: *
B53: =ROW()-5 -> 48 | C53: 同時落札条件の対象となる相手先電源(2) | D53: 相手先電源を提供する事業者の事業者コード | E53: - | F53: =IF(#REF!<>"",#REF!,"-") -> #REF! | I53: *
B54: =ROW()-5 -> 49 | D54: 相手先電源の名称 | E54: - | F54: =IF(#REF!<>"",#REF!,"-") -> #REF! | I54: *
B55: =ROW()-5 -> 50 | D55: 相手先の電源等識別番号 | E55: - | F55: =IF(#REF!<>"",#REF!,"-") -> #REF! | I55: *
B56: =ROW()-5 -> 51 | C56: 同時落札条件の対象となる相手先電源(3) | D56: 相手先電源を提供する事業者の事業者コード | E56: - | F56: =IF(#REF!<>"",#REF!,"-") -> #REF! | I56: *
B57: =ROW()-5 -> 52 | D57: 相手先電源の名称 | E57: - | F57: =IF(#REF!<>"",#REF!,"-") -> #REF! | I57: *
B58: =ROW()-5 -> 53 | D58: 相手先の電源等識別番号 | E58: - | F58: =IF(#REF!<>"",#REF!,"-") -> #REF! | I58: *
B59: =ROW()-5 -> 54 | C59: 同時落札条件の対象となる相手先電源(4) | D59: 相手先電源を提供する事業者の事業者コード | E59: - | F59: =IF(#REF!<>"",#REF!,"-") -> #REF! | I59: *
B60: =ROW()-5 -> 55 | D60: 相手先電源の名称 | E60: - | F60: =IF(#REF!<>"",#REF!,"-") -> #REF! | I60: *
B61: =ROW()-5 -> 56 | D61: 相手先の電源等識別番号 | E61: - | F61: =IF(#REF!<>"",#REF!,"-") -> #REF! | I61: *
B62: =ROW()-5 -> 57 | C62: 同時落札条件の対象となる相手先電源(5) | D62: 相手先電源を提供する事業者の事業者コード | E62: - | F62: =IF(#REF!<>"",#REF!,"-") -> #REF! | I62: *
B63: =ROW()-5 -> 58 | D63: 相手先電源の名称 | E63: - | F63: =IF(#REF!<>"",#REF!,"-") -> #REF! | I63: *
B64: =ROW()-5 -> 59 | D64: 相手先の電源等識別番号 | E64: - | F64: =IF(#REF!<>"",#REF!,"-") -> #REF! | I64: *
B65: =ROW()-5 -> 60 | C65: スクラップ&ビルドの有無 | E65: - | F65: =IF(#REF!<>"",#REF!,"-") -> #REF! | I65: *
B66: =ROW()-5 -> 61 | C66: スクラップする電源の電源等識別番号 | E66: - | F66: =IF(#REF!<>"",#REF!,"-") -> #REF! | I66: *
B67: =ROW()-5 -> 62 | C67: 脱炭素化に向けた対応（脱炭素化ロードマップの提出） | E67: - | F67: - | I67: *
B68: =ROW()-5 -> 63 | C68: 価格差に着目した支援制度適用の希望の有無 | E68: - | F68: - | I68: *
B69: =ROW()-5 -> 64 | C69: 拠点整備支援制度適用の希望の有無 | E69: - | F69: - | I69: *
B70: =ROW()-5 -> 65 | C70: 事業計画書 | E70: - | F70: -
B71: 66 | C71: 脱炭素化に向けた改修のための追加投資か | F71: - | I71: *
B72: =ROW()-5 -> 67 | C72: 改修しようとしている電源の電源等識別番号（１） | E72: - | F72: - | I72: *
B73: =ROW()-5 -> 68 | C73: 改修しようとしている電源の電源等識別番号（２） | E73: - | F73: - | I73: *
B74: =ROW()-5 -> 69 | C74: 改修しようとしている電源の電源等識別番号（３） | E74: - | F74: - | I74: *
B75: =ROW()-5 -> 70 | C75: 改修しようとしている電源の電源等識別番号（４） | E75: - | F75: - | I75: *
B76: =ROW()-5 -> 71 | C76: 改修しようとしている電源の電源等識別番号（５） | E76: - | F76: - | I76: *
A77: * | B77: * | C77: * | D77: * | E77: * | F77: * | G77: * | H77: *
